cohdb
Replays
Latest Replays
All Replays
Popular Replays
Top Player Replays
Match Explorer
How It Works
Community
CoH3 Stats
Reddit
Sign in to upload your games and track your stats! →
Sign in with Steam
Match 40326398
Unlisted
Match 40326398
Overview
Messages
Build Orders
End
Construct Infanterie Kompanie
Kettenkrad Recon Vehicle
Selects Terror Battlegroup
Selects Machine Gun Camouflage
MG 42 Machine Gun Team
GrW 34 Mortar Team
Construct Panzergrenadier Kompanie
Panzergrenadier Squad
Panzergrenadier Squad
Panzergrenadier Officer Quarters
Selects Contempt for the Weak
Panzergrenadier Squad
MG 42 Machine Gun Team
Medical Station
Pak 40 Anti-tank Gun Team
Construct Luftwaffe Kompanie
Jäger Squad
Panzergrenadier Squad
Selects No Quarter
Jäger Squad
Disarmed
Unsafe
ZELOT
ka_chow88
0
0
Comments
sign in to comment!
No comments posted yet!